[Event "Titled Tuesday Blitz February 14 Late 2023"]
[White "Gallo Garcia, Kemel Antonio"]
[Black "Kozak, Adam"]
[WhiteFideId "3523896"]
[BlackFideId "753246"]
[WhiteElo "2350"]
[BlackElo "2572"]
[Result "0-1"]
[Round "03"]
[TimeControl "180+2"]
[Date "2023.02.14"]
[WhiteClock "0:00:02"]
[BlackClock "0:01:21"]

1. e4 b5 2. Bxb5 Bb7 3. Nc3 f5 4. exf5 Bxg2 5. Qh5+ g6 6. fxg6 Bg7 7. gxh7+ Kf8 8. hxg8=Q+ Kxg8 9. Qg4 Bxh1 10. d4 e6 11. Bg5 Qf8 12. Bd3 Nc6 13. d5 Ne5 14. Qe2 Bf3 15. Qe3 exd5 16. Bf4 Re8 17. Kf1 Nxd3 18. Qxd3 Qxf4 19. Qxf3 Qxf3 20. Nxf3 c6 21. Ne2 Rb8 22. Nf4 Rf8 0-1


[Site "https://www.chess.com"]

[Event "Titled Tuesday Blitz February 14 Late 2023"]
[White "Melkumyan, Hrant"]
[Black "Cardoso Cardoso, Jose Gabriel"]
[WhiteFideId "13302485"]
[BlackFideId "4430492"]
[WhiteElo "2645"]
[BlackElo "2492"]
[Result "1-0"]
[Round "03"]
[TimeControl "180+2"]
[Date "2023.02.14"]
[WhiteClock "0:00:10"]
[BlackClock "0:00:04"]

1. d4 d5 2. c4 e6 3. Nf3 Nf6 4. Nc3 c5 5. e3 Nc6 6. cxd5 exd5 7. Bb5 Bd6 8. dxc5 Bxc5 9. O-O O-O 10. b3 Bg4 11. Be2 Bd6 12. Bb2 a6 13. h3 Bh5 14. Nh4 Bg6 15. Nxg6 hxg6 16. Bf3 Be5 17. Qd3 d4 18. exd4 Bxd4 19. Rad1 Be5 20. Qe2 Qc7 21. Bxc6 bxc6 22. Na4 Rfe8 23. Bxe5 Rxe5 24. Qc4 g5 25. Rc1 g4 26. hxg4 Rc8 27. Nc5 Rg5 28. f3 Qb6 29. b4 a5 30. a3 axb4 31. axb4 Nd5 32. Rb1 Nxb4 33. Rfc1 Rb8 34. Kh1 Rg6 35. Qf4 Rh6+ 36. Kg1 Rf6 37. Qe5 Re6 38. Qc3 Re2 39. Qc4 Rd2 40. Kh2 Qc7+ 41. Kh1 Qg3 42. Qf1 Qh4+ 43. Kg1 Re8 44. Ne4 Rxe4 45. fxe4 Nd3 46. Rb8+ Kh7 47. Qf5+ g6 48. Qxf7+ Kh6 49. Rh8+ Kg5 50. Qe7+ Kf4 51. Qxh4 Ne5 52. Rf1+ Kxe4 53. Re1+ Kd5 54. Rd8+ 1-0


[Site "https://www.chess.com"]

[Event "Titled Tuesday Blitz February 14 Late 2023"]
[White "Gutenev, Alexander"]
[Black "Madaminov, Mukhiddin"]
[WhiteFideId "4195540"]
[BlackFideId "14210703"]
[WhiteElo "2455"]
[BlackElo "2422"]
[Result "1/2-1/2"]
[Round "03"]
[TimeControl "180+2"]
[Date "2023.02.14"]
[WhiteClock "0:00:23"]
[BlackClock "0:00:07"]

1. e4 e5 2. Nf3 Nc6 3. Bb5 a6 4. Ba4 Nf6 5. d4 Nxe4 6. O-O b5 7. Bb3 d5 8. dxe5 Be6 9. c3 Be7 10. Nbd2 O-O 11. Qe2 Nc5 12. Bc2 d4 13. cxd4 Nxd4 14. Nxd4 Qxd4 15. Nf3 Qc4 16. Qxc4 Bxc4 17. Rd1 Rfd8 18. Be3 Bd5 19. Nd4 Ne6 20. Nf5 Bf8 21. a4 c6 22. f3 g6 23. Nh6+ Kg7 24. Ng4 Bc5 25. Kf2 Rab8 26. a5 Bxe3+ 27. Nxe3 Nc5 28. Nxd5 cxd5 29. Rac1 Rbc8 30. b4 Ne6 31. Bb3 Nf4 32. Rxc8 Rxc8 33. g3 Rc3 34. Bxd5 Rc2+ 35. Ke3 Nxd5+ 36. Rxd5 Rxh2 37. Rd7 Kf8 38. Kf4 h6 39. e6 fxe6 40. Ke5 Rh5+ 41. Kxe6 Rf5 42. f4 h5 43. Rd5 Rf7 44. Rd8+ Kg7 45. Ra8 h4 46. gxh4 Rxf4 47. Ke5 Rxh4 48. Rxa6 Rxb4 49. Rb6 Kh6 50. a6 Kg5 51. a7 Ra4 52. Rb7 b4 53. Kd4 Kg4 54. Kc4 g5 55. Kb3 Ra6 56. Kxb4 Kf3 57. Kb5 Ra1 58. Kb6 Rb1+ 59. Kc7 Ra1 60. Kb8 g4 61. a8=Q Rxa8+ 62. Kxa8 g3 63. Rf7+ Ke2 64. Kb7 g2 65. Rg7 Kf2 66. Kc6 g1=Q 67. Rxg1 Kxg1 1/2-1/2


[Site "https://www.chess.com"]

[Event "Titled Tuesday Blitz February 14 Late 2023"]
[White "Solon, Nathan"]
[Black "Ibarra Jerez, Jose Carlos"]
[WhiteFideId "2017229"]
[BlackFideId "2226332"]
[WhiteElo "2306"]
[BlackElo "2563"]
[Result "1-0"]
[Round "03"]
[TimeControl "180+2"]
[Date "2023.02.14"]
[WhiteClock "0:00:23"]
[BlackClock "0:00:25"]

1. Nf3 d6 2. g3 Nf6 3. Bg2 g6 4. O-O Bg7 5. d4 O-O 6. c4 Bf5 7. Nh4 Be4 8. f3 Bc6 9. e4 e5 10. d5 Bd7 11. Nc3 a5 12. Be3 Na6 13. a3 Nh5 14. Rb1 Bf6 15. Qe1 Nf4 16. gxf4 Bxh4 17. Qd2 exf4 18. Bxf4 a4 19. Be3 f5 20. f4 fxe4 21. Nxe4 Bf5 22. Rbc1 Bxe4 23. Bxe4 Qe7 24. Bc2 Bf6 25. Rce1 Qd7 26. f5 g5 27. Kh1 Qg7 28. Rg1 h6 29. h4 Qh8 30. Rg2 Rf7 31. Reg1 Rh7 32. Qd1 Re8 33. Bc1 Nc5 34. Qh5 Rf8 35. Re1 Qg7 36. Re8 Rxe8 37. Qxe8+ Qf8 38. Qg6+ Kh8 39. hxg5 hxg5+ 40. Rh2 Rxh2+ 41. Kxh2 Qg7 42. Qe8+ Kh7 43. Kg2 Qe7 44. Qxe7+ Bxe7 45. f6+ Kg8 46. fxe7 Kf7 47. Bxg5 1-0


[Site "https://www.chess.com"]

[Event "Titled Tuesday Blitz February 14 Late 2023"]
[White "Jaracz, Pawel"]
[Black "Paichadze, Luka"]
[WhiteFideId "1102222"]
[BlackFideId "13602934"]
[WhiteElo "2467"]
[BlackElo "2515"]
[Result "1-0"]
[Round "03"]
[TimeControl "180+2"]
[Date "2023.02.14"]
[WhiteClock "0:00:03"]
[BlackClock "0:00:03"]

1. e4 c6 2. d4 d5 3. e5 c5 4. dxc5 e6 5. a3 Bxc5 6. Bd3 Nc6 7. Nf3 Nge7 8. b4 Bb6 9. Bb2 Ng6 10. O-O O-O 11. Re1 Nf4 12. Bf1 f5 13. exf6 gxf6 14. c4 e5 15. g3 Nh3+ 16. Bxh3 Bxh3 17. cxd5 Ne7 18. Nc3 Rc8 19. Nh4 Bd4 20. Rc1 Qd7 21. Qd2 Rc4 22. d6 Nf5 23. Nxf5 Qxf5 24. Qe2 Qe6 25. Ne4 Rxc1 26. Rxc1 Bg4 27. Qd2 Bf3 28. Qd3 Bxe4 29. Qxe4 Bxb2 30. Rc7 Rf7 31. Qxb7 Bd4 32. d7 Rf8 33. Rc8 Bb6 34. Rxf8+ Kxf8 35. Qc8+ Ke7 36. Qe8+ Kd6 37. d8=Q+ Bxd8 38. Qxd8+ Kc6 39. Qd3 e4 40. Qd4 a6 41. a4 f5 42. a5 Kb5 43. Qc5+ Ka4 44. Kg2 Qb3 45. Qb6 Qf3+ 46. Kg1 Qd1+ 47. Kg2 Qf3+ 48. Kg1 Qd1+ 49. Kg2 Qd3 50. Qc6+ Kxb4 51. Qb6+ Ka4 52. h4 h5 53. Qc5 Qf3+ 54. Kg1 Qd1+ 55. Kg2 Qf3+ 56. Kg1 f4 57. Qc4+ Kxa5 58. Qc5+ Ka4 59. Qc4+ Ka3 60. Qxa6+ Kb2 61. Qb5+ Kc2 62. Qc6+ Kd2 63. Qd6+ Ke2 64. Qxf4 Qd3 65. Kg2 Qc4 66. Qe3+ Kd1 67. Kg1 Qd4 68. Qxd4+ 1-0


[Site "https://www.chess.com"]

[Event "Titled Tuesday Blitz February 14 Late 2023"]
[White "Kamsky, Gata"]
[Black "Martinez Ramirez, Lennis"]
[WhiteFideId "2000024"]
[BlackFideId "3509079"]
[WhiteElo "2665"]
[BlackElo "2426"]
[Result "1-0"]
[Round "03"]
[TimeControl "180+2"]
[Date "2023.02.14"]
[WhiteClock "0:00:41"]
[BlackClock "0:00:01"]

1. e4 e5 2. Nf3 Nf6 3. Nxe5 d6 4. Nf3 Nxe4 5. Qe2 Qe7 6. d3 Nf6 7. Nc3 Qxe2+ 8. Bxe2 Be7 9. Nb5 Na6 10. Bf4 Bd7 11. a4 Nd5 12. Bg3 Ndb4 13. Kd2 Nc6 14. Rhe1 O-O-O 15. d4 d5 16. c3 Rde8 17. b4 Bd8 18. Bd3 g5 19. h3 f6 20. Rxe8 Bxe8 21. Re1 Nab8 22. Na3 h5 23. Nc2 Ne7 24. a5 h4 25. Bh2 Bg6 26. Bxg6 Nxg6 27. Ne3 Ne7 28. Kd3 c6 29. Nd2 Nd7 30. Nb3 b6 31. axb6 axb6 32. b5 cxb5 33. Bd6 Kb7 34. Bxe7 Bxe7 35. Nxd5 Bd8 36. Re6 Nf8 37. Re8 Ng6 38. Rxh8 Nxh8 39. Ke4 Kc6 40. Nb4+ Kd6 41. d5 Nf7 42. Nd4 Kc5 43. Kf5 Kc4 44. Ke6 Ne5 45. Nbc6 Bc7 46. d6 Nxc6 47. Nxc6 Bxd6 48. Kxd6 Kxc3 49. Ke6 b4 50. Nxb4 Kxb4 51. Kxf6 Kc3 52. Kxg5 b5 53. f4 b4 54. f5 b3 55. f6 b2 56. f7 b1=Q 57. f8=Q Qc1+ 58. Qf4 Qg1 59. Qf3+ Kd4 60. Kxh4 Ke5 61. g4 Ke6 62. Kh5 Qd4 63. Qf5+ Ke7 64. Qg5+ Ke6 65. h4 1-0


[Site "https://www.chess.com"]

[Event "Titled Tuesday Blitz February 14 Late 2023"]
[White "Gorodetzky, David"]
[Black "Atanasov, Anthony"]
[WhiteFideId "2813416"]
[BlackFideId "2623897"]
[WhiteElo "2485"]
[BlackElo "2368"]
[Result "0-1"]
[Round "03"]
[TimeControl "180+2"]
[Date "2023.02.14"]
[WhiteClock "0:00:14"]
[BlackClock "0:00:09"]

1. Nf3 Nf6 2. b3 d5 3. Bb2 Bf5 4. g3 e6 5. Bg2 Be7 6. O-O O-O 7. c4 c6 8. Nc3 Nbd7 9. Rc1 h6 10. d4 a5 11. a3 Ne4 12. Nxe4 Bxe4 13. Ne1 Bxg2 14. Kxg2 b5 15. Nd3 bxc4 16. bxc4 Nb6 17. Ne5 Nxc4 18. Nxc4 dxc4 19. e4 Qb6 20. Qe2 Rab8 21. Rc2 Qb3 22. Ra1 Qd3 23. Kf1 Rb3 24. Rd1 Rfb8 25. Rxd3 cxd3 26. Qd2 dxc2 27. Bc1 Rb2 28. Kg2 Ra2 29. h4 Rb1 30. Kf3 Rxc1 31. Qxc1 Bxa3 32. Qf4 c1=Q 33. Qb8+ Kh7 34. Qe8 Qh1+ 35. Kg4 Qxe4+ 0-1


[Site "https://www.chess.com"]

[Event "Titled Tuesday Blitz February 14 Late 2023"]
[White "Maltsevskaya, Aleksandra"]
[Black "Remizov, Yaroslav"]
[WhiteFideId "24174041"]
[BlackFideId "34134015"]
[WhiteElo "2390"]
[BlackElo "2421"]
[Result "0-1"]
[Round "03"]
[TimeControl "180+2"]
[Date "2023.02.14"]
[WhiteClock "0:02:32"]
[BlackClock "0:02:31"]

1. Nf3 d5 2. g3 Bg4 3. Bg2 Nd7 4. O-O e5 5. d3 Ngf6 6. h3 Bxf3 7. Bxf3 c6 8. e4 dxe4 9. dxe4 Be7 10. Qe2 O-O 11. Rd1 Qc7 12. Nd2 Rfd8 13. Nc4 b5 14. Ne3 Bf8 15. c3 Nc5 16. Rf1 Ncxe4 17. Bxe4 Nxe4 18. Ng4 f5 19. Bg5 Nxg5 0-1


[Site "https://www.chess.com"]

[Event "Titled Tuesday Blitz February 14 Late 2023"]
[White "Samsonkin, Artiom"]
[Black "Martinez Reyes, Pedro Ramon"]
[WhiteFideId "13503111"]
[BlackFideId "3901807"]
[WhiteElo "2420"]
[BlackElo "2376"]
[Result "1-0"]
[Round "03"]
[TimeControl "180+2"]
[Date "2023.02.14"]
[WhiteClock "0:00:30"]
[BlackClock "0:00:04"]

1. d4 Nf6 2. Nf3 e6 3. Bf4 Bd6 4. Bg3 b6 5. Nbd2 Bb7 6. e3 O-O 7. Bd3 Bxg3 8. hxg3 d6 9. g4 h6 10. g5 hxg5 11. Nxg5 g6 12. Qe2 Nbd7 13. O-O-O Kg7 14. f4 Qe7 15. e4 e5 16. Qf2 Rh8 17. Bc4 d5 18. exd5 exf4 19. Rxh8 Rxh8 20. Re1 Qd6 21. Nge4 Nxe4 22. Nxe4 Qb4 23. Bb3 Re8 24. c3 Qe7 25. Qxf4 Nf6 26. d6 cxd6 27. Rh1 Ng8 28. Nxd6 Bxg2 29. Rg1 Bc6 30. Nf5+ 1-0


[Site "https://www.chess.com"]

[Event "Titled Tuesday Blitz February 14 Late 2023"]
[White "Kaplan, Avi Harrison"]
[Black "Boros, Denes"]
[WhiteFideId "30934559"]
[BlackFideId "722340"]
[WhiteElo "2146"]
[BlackElo "2406"]
[Result "0-1"]
[Round "03"]
[TimeControl "180+2"]
[Date "2023.02.14"]
[WhiteClock "0:00:04"]
[BlackClock "0:00:10"]

1. Nf3 d5 2. d3 Nc6 3. Nbd2 d4 4. c3 Nf6 5. cxd4 Nxd4 6. e3 Nxf3+ 7. Nxf3 g6 8. Be2 Bg7 9. O-O O-O 10. Qc2 b6 11. Bd2 Ba6 12. Rac1 c5 13. Rfd1 Qd7 14. Bc3 Rac8 15. d4 Bxe2 16. Qxe2 Qe6 17. dxc5 Rxc5 18. a3 Rfc8 19. Bd2 Ne4 20. Nd4 Bxd4 21. exd4 Rc2 22. Qd3 Rxc1 23. Rxc1 Rxc1+ 24. Bxc1 Qd5 25. h3 f6 26. Be3 Kf7 27. Qa6 Qd7 28. Qc4+ Kg7 29. Qd3 Qb7 30. Qb3 Qc6 31. Qb4 Nd6 32. Qb3 Nf5 33. Qb4 Qd7 34. Qc3 h5 35. Kf1 Qd5 36. Kg1 Nh4 37. f3 Nf5 38. Bf2 Nd6 39. Qc7 Kf7 40. Qxa7 Qb3 41. Qd7 Qxb2 42. d5 b5 43. Qe6+ Kf8 44. Bg3 Qc1+ 45. Kh2 Nf5 46. d6 Nxd6 47. Bxd6 exd6 48. Qxf6+ Ke8 49. Qxg6+ Ke7 50. Qg7+ Ke6 51. Qg6+ Kd7 52. Qxh5 Qf4+ 53. Kh1 Qc1+ 54. Kh2 Qf4+ 55. Kg1 Qc1+ 56. Kf2 Qb2+ 57. Kg3 Kc6 58. Qe8+ Kb6 59. Qb8+ Kc6 60. Qc8+ Kb6 61. Qd7 Qxa3 62. h4 Qc5 63. h5 Qg5+ 64. Kf2 Qh4+ 65. Kf1 Qh1+ 66. Kf2 Qh4+ 67. Kf1 Qh1+ 68. Kf2 Qxh5 69. Qxd6+ Ka5 70. Qa3+ Kb6 71. Qd6+ Kb7 72. g4 Qh4+ 73. Ke3 Qe1+ 74. Kf4 Qc3 75. Qd5+ Kb6 76. Qe6+ Ka5 77. Qe5 Qc4+ 78. Qe4 Qc1+ 79. Kg3 b4 80. g5 Qxg5+ 81. Kf2 Qc5+ 82. Kg2 b3 83. Qa8+ Kb4 84. Qb7+ Kc3 85. Qg7+ Kd2 86. Qb2+ Qc2 87. Qd4+ Kc1+ 88. Kh3 b2 89. Qg1+ Kd2 90. Qd4+ Ke2 91. Qe5+ Kf1 92. Qb5+ Ke1 93. Qe5+ Kf1 94. Qb5+ Qe2 95. Qb3 Kf2 96. Kh4 Kg2 97. Qb6 Qf2+ 98. Qxf2+ Kxf2 99. f4 b1=Q 100. f5 Qe4+ 101. Kg5 Kf3 102. f6 Qe5+ 103. Kg6 Qe6 104. Kg7 Qg4+ 105. Kf8 Ke4 106. f7 Ke5 107. Ke7 Qg7 108. Ke8 Ke6 109. f8=N+ Kd6 110. Ng6 Qxg6+ 111. Kf8 Qe6 112. Kg7 Qf5 113. Kh8 Qg4 114. Kh7 Ke7 115. Kh8 Kf7 116. Kh7 Qh4# 0-1


[Site "https://www.chess.com"]

[Event "Titled Tuesday Blitz February 14 Late 2023"]
[White "Avinash, Ramesh"]
[Black "Manukyan, Artyom"]
[WhiteFideId "45018340"]
[BlackFideId "13305786"]
[WhiteElo "2319"]
[BlackElo "2110"]
[Result "1-0"]
[Round "03"]
[TimeControl "180+2"]
[Date "2023.02.14"]
[WhiteClock "0:02:05"]
[BlackClock "0:00:13"]

1. c4 e6 2. Nc3 d5 3. d4 Nf6 4. cxd5 exd5 5. Bg5 c6 6. Nf3 Be7 7. e3 Bf5 8. Ne5 Nbd7 9. Bd3 Bxd3 10. Nxd3 O-O 11. O-O a5 12. Rc1 h6 13. Bf4 Re8 14. h3 Ne4 15. Nxe4 dxe4 16. Ne5 Nxe5 17. Bxe5 Bf8 18. Qb3 Qd7 19. Rfd1 Re6 20. Bg3 Rd8 21. d5 cxd5 22. Rc7 Qe8 23. Rxd5 Rxd5 24. Qxd5 b6 25. Qb7 Re7 26. Qxb6 Rxc7 27. Qxc7 a4 28. Qb8 Qe6 29. b3 a3 30. Qb5 Bd6 31. Qc6 Bxg3 32. Qxe6 Bxf2+ 33. Kxf2 fxe6 34. Kg3 e5 35. Kg4 g6 36. h4 Kf7 37. h5 gxh5+ 38. Kxh5 Kg7 39. g4 Kh7 40. b4 Kg7 41. b5 Kf6 42. b6 1-0


[Site "https://www.chess.com"]

[Event "Titled Tuesday Blitz February 14 Late 2023"]
[White "Li, Ruifeng"]
[Black "Jimenez Garcia, Emmanuel"]
[WhiteFideId "2061074"]
[BlackFideId "6504779"]
[WhiteElo "2541"]
[BlackElo "2410"]
[Result "1-0"]
[Round "03"]
[TimeControl "180+2"]
[Date "2023.02.14"]
[WhiteClock "0:00:40"]
[BlackClock "0:00:02"]

1. b3 Nf6 2. Bb2 g6 3. g4 Bg7 4. g5 Nh5 5. Bxg7 Nxg7 6. d4 d6 7. Nc3 c6 8. Qd2 b5 9. Bg2 Qa5 10. a4 Bb7 11. Nxb5 Qb6 12. Nc3 Ne6 13. Nf3 a5 14. h4 Na6 15. h5 O-O-O 16. h6 Nb4 17. O-O Rhf8 18. Bh3 Kb8 19. e4 f5 20. exf5 c5 21. d5 Nd4 22. Nxd4 cxd4 23. Nb5 Bxd5 24. Qxd4 Qb7 25. Rac1 gxf5 26. c3 e5 27. Qd2 Na6 28. b4 f4 29. Kh2 Rg8 30. Rg1 Bc6 31. bxa5 Ka8 32. Rb1 Qe7 33. Bg2 Bxg2 34. Rxg2 d5 35. Qb2 Rc8 36. Qb3 Qf7 37. Nd6 Qh5+ 38. Kg1 Rb8 39. Qxd5+ 1-0


[Site "https://www.chess.com"]

[Event "Titled Tuesday Blitz February 14 Late 2023"]
[White "Gonzalez, Francisco Silva"]
[Black "Yuan, Qingyu"]
[WhiteFideId "1512285"]
[BlackFideId "8609772"]
[WhiteElo "2021"]
[BlackElo "2373"]
[Result "0-1"]
[Round "03"]
[TimeControl "180+2"]
[Date "2023.02.14"]
[WhiteClock "0:00:08"]
[BlackClock "0:00:18"]

1. d4 d5 2. c4 e6 3. Nc3 Be7 4. Nf3 Nf6 5. Bg5 h6 6. Bh4 O-O 7. e3 Nbd7 8. a3 c5 9. Qc2 cxd4 10. Nxd4 dxc4 11. Bxc4 Ne5 12. Ba2 Bd7 13. O-O Rc8 14. Rad1 Qb6 15. Bg3 Nc4 16. Nb3 Bc6 17. Rd4 Na5 18. Nxa5 Qxa5 19. Rfd1 Bd5 20. Bxd5 Nxd5 21. Ra4 Qc5 22. Qd2 Nxc3 23. bxc3 Rfd8 24. Qe2 Rxd1+ 25. Qxd1 Qxc3 26. Rxa7 Qb2 27. Bc7 Rxc7 28. Ra8+ Kh7 29. Qd3+ g6 30. g3 Qc1+ 31. Kg2 Qc6+ 32. e4 Bf6 33. Rf8 Kg7 34. Rb8 Rc8 35. Rxc8 Qxc8 36. a4 Qc6 37. a5 Qa4 38. Qb1 Qc6 39. f3 h5 40. h4 Be5 41. Qb3 Bd4 42. Qd3 e5 43. f4 Qc3 44. Qe2 Qxa5 45. fxe5 Qxe5 46. Qd3 b6 47. Qc2 Bc5 48. Kf3 Qd4 49. Kg2 Qe3 50. Qb1 Bd4 51. Qc2 b5 52. Qb1 Qe2+ 53. Kh3 Bc3 54. Qb3 b4 55. e5 Qxe5 56. Qc4 Qe6+ 57. Qg4 hxg4+ 58. Kg2 Qe2+ 59. Kh1 b3 60. h5 gxh5 0-1


[Site "https://www.chess.com"]

[Event "Titled Tuesday Blitz February 14 Late 2023"]
[White "Lodici, Lorenzo"]
[Black "Hartikainen, Jarmo"]
[WhiteFideId "884189"]
[BlackFideId "503134"]
[WhiteElo "2524"]
[BlackElo "2108"]
[Result "1-0"]
[Round "03"]
[TimeControl "180+2"]
[Date "2023.02.14"]
[WhiteClock "0:01:27"]
[BlackClock "0:00:04"]

1. c3 d5 2. d4 Nf6 3. Bf4 Bf5 4. e3 e6 5. Qb3 b6 6. Bb5+ Nbd7 7. Bc6 Rb8 8. Qa4 a5 9. Nf3 Bd6 10. Ne5 Bxe5 11. Bxe5 Kf8 12. Bg3 h6 13. Na3 Ke7 14. Nb5 Ne8 15. c4 g5 16. cxd5 exd5 17. Bxd5 Be6 18. Qa3+ Kf6 19. Bc6 Kg7 20. O-O f6 21. e4 Rf8 22. d5 Bf7 23. f4 gxf4 24. Bxf4 Ne5 25. Qg3+ Kh7 26. Qh4 1-0


[Site "https://www.chess.com"]

[Event "Titled Tuesday Blitz February 14 Late 2023"]
[White "Yoo, Christopher Woojin"]
[Black "Oganian, Miran"]
[WhiteFideId "30909694"]
[BlackFideId "4122488"]
[WhiteElo "2607"]
[BlackElo "2439"]
[Result "1-0"]
[Round "03"]
[TimeControl "180+2"]
[Date "2023.02.14"]
[WhiteClock "0:00:16"]
[BlackClock "0:00:01"]

1. e4 e6 2. d4 d5 3. Nc3 Nf6 4. Bg5 Be7 5. e5 Nfd7 6. h4 a6 7. Qg4 h5 8. Qg3 g6 9. O-O-O Nc6 10. Nf3 Nb6 11. Bd3 Bd7 12. Kb1 Nb4 13. a3 Nxd3 14. Rxd3 Bb5 15. Rdd1 Qd7 16. Bxe7 Qxe7 17. Rh3 O-O-O 18. Qf4 Nc4 19. Ng5 Be8 20. Rf3 Kb8 21. Qf6 Qxf6 22. Rxf6 Rd7 23. Nf3 b6 24. Ka2 c5 25. b3 Na5 26. dxc5 bxc5 27. Rf4 Rc7 28. Ng5 Rg8 29. Nh7 Rg7 30. Nf6 Bc6 31. g4 hxg4 32. Rxg4 d4 33. h5 g5 34. h6 Rg6 35. h7 Rc8 36. Nce4 Bxe4 37. Nxe4 Rh8 38. Nxc5 Rxh7 39. Rgxd4 Rh2 40. Rd8+ Kc7 41. R1d7+ Kc6 42. Rc8+ Kb6 43. Rd6+ Kb5 44. a4+ Kb4 45. Rd4+ Kc3 46. Nxe6+ Nc4 47. Rcxc4# 1-0


[Site "https://www.chess.com"]

[Event "Titled Tuesday Blitz February 14 Late 2023"]
[White "Rasulov, Vugar"]
[Black "Pulpan, Jakub"]
[WhiteFideId "13402390"]
[BlackFideId "302759"]
[WhiteElo "2523"]
[BlackElo "2427"]
[Result "1-0"]
[Round "03"]
[TimeControl "180+2"]
[Date "2023.02.14"]
[WhiteClock "0:00:17"]
[BlackClock "0:00:02"]

1. d4 Nf6 2. c4 e6 3. Nf3 d5 4. g3 Be7 5. Bg2 O-O 6. O-O dxc4 7. Qa4 b6 8. Qxc4 Bb7 9. Nc3 Nbd7 10. Bf4 c5 11. Rfd1 Rc8 12. Qa4 a6 13. Ne5 b5 14. Qc2 Bxg2 15. Kxg2 b4 16. Na4 cxd4 17. Nc6 e5 18. Bd2 Nb8 19. Nxe7+ Qxe7 20. Qb3 a5 21. Rac1 Ne4 22. Be1 Nc5 23. Nxc5 Rxc5 24. a3 bxa3 25. Qxa3 Qb7+ 26. Kg1 Rb5 27. Bxa5 Rxb2 28. Bc7 Rxe2 29. Bd6 Re8 30. Rb1 Qe4 31. Bxb8 h5 32. Qa4 Re6 33. Qd7 h4 34. Qd8+ Kh7 35. Qxh4+ Qxh4 36. gxh4 Rg6+ 37. Kf1 Re4 38. Re1 Rxe1+ 39. Rxe1 f6 40. Re4 Rh6 41. Bc7 Kg6 42. Ba5 Kf5 43. f3 g6 44. Be1 Rh7 45. Re2 Rb7 46. Rc2 Rb3 47. Kg2 Rb1 48. Bf2 Rb3 49. Rc6 Rb2 50. Rc8 Ra2 51. Rh8 d3 52. Rd8 d2 53. Kg3 e4 54. Rd5+ Ke6 55. fxe4 f5 56. Be3 fxe4 57. Rxd2 Ra3 58. Kf4 Ra6 59. Rd4 Kf6 60. Rxe4 Kg7 61. Kg4 Ra3 62. Re7+ Kf6 63. Bg5# 1-0


[Site "https://www.chess.com"]

[Event "Titled Tuesday Blitz February 14 Late 2023"]
[White "Sokolovsky, Yahli"]
[Black "Makarian, Rudik"]
[WhiteFideId "2820242"]
[BlackFideId "44105681"]
[WhiteElo "2461"]
[BlackElo "2545"]
[Result "1/2-1/2"]
[Round "03"]
[TimeControl "180+2"]
[Date "2023.02.14"]
[WhiteClock "0:00:04"]
[BlackClock "0:00:03"]

1. b3 d5 2. Bb2 Bg4 3. h3 Bh5 4. Nf3 Bxf3 5. exf3 e6 6. g3 Nf6 7. f4 g6 8. Bg2 Bg7 9. O-O O-O 10. d3 c5 11. Nd2 Nc6 12. a3 a5 13. a4 Ne8 14. Bxg7 Nxg7 15. Re1 Qd6 16. Nf3 Nf5 17. Ne5 Rac8 18. h4 h5 19. Qd2 Rfd8 20. Nxc6 Qxc6 21. Qxa5 Qd6 22. Qd2 Qa6 23. c3 b6 24. Rad1 Qa5 25. Qb2 d4 26. c4 Qc3 27. Re2 Qb4 28. Rb1 Kg7 29. Qd2 Qa5 30. Be4 Nd6 31. Bf3 Nf5 32. Qe1 Re8 33. Ra2 Qc3 34. Be4 Qxe1+ 35. Rxe1 Nd6 36. Bf3 Rb8 37. Re5 f6 38. Re1 e5 39. fxe5 Rxe5 40. Rxe5 fxe5 41. Re2 Kf6 42. Be4 Re8 43. Kg2 Re7 44. Bd5 Ne8 45. Kf3 Nc7 46. Be4 Na6 47. Ra2 Nb4 48. Ra1 Ra7 49. Ke2 g5 50. hxg5+ Kxg5 51. Rh1 Rf7 52. Rg1 Rg7 53. Rh1 Rf7 54. Bf3 Rh7 55. Rh4 Rh6 56. Re4 Kf5 57. Bg2 Rd6 58. Bh3+ Kf6 59. f4 exf4 60. Rxf4+ Kg6 61. Bf5+ Kg5 62. Be4 Rf6 63. Rh4 Na2 64. Kd2 Nc3 65. Rh2 Kg4 66. Rh4+ Kxg3 67. Rxh5 Rf2+ 68. Kc1 Kf4 69. Rf5+ Ke3 70. Rxf2 Kxf2 71. Kd2 Kg3 72. Bc6 Kf4 73. Bb7 Ke5 74. Bc6 Kd6 75. Bf3 Kc7 76. Kc2 Na2 77. Kb2 Nb4 78. Be4 Kb8 79. Ka3 Ka7 80. Bf5 Ka6 81. Be4 Ka5 82. Bf5 Na6 83. Bc8 Nc7 84. Bd7 Na6 85. Bg4 Nb4 86. Be2 Nc2+ 87. Kb2 Ne3 88. Ka3 Ng2 89. Bf3 Ne1 90. Be2 Nc2+ 91. Kb2 Ne3 92. Ka3 Nf5 93. Bf3 Nd6 94. Bd5 Ne8 95. Be4 Nc7 96. Bf5 Na6 97. Bg4 Nb4 98. Be2 Nc6 99. Bg4 Ne5 100. Be2 Nf7 101. Bh5 Nd8 102. Bg4 Nc6 103. Bf3 Ne5 104. Be2 Ng6 105. Bd1 Nf4 106. Bc2 Ne2 107. Bd1 Nc3 108. Bf3 Nb1+ 109. Kb2 Nd2 110. Be2 Kb4 111. Bd1 Nf1 112. Be2 Ne3 113. Bf3 Nf5 114. Be2 Ng3 115. Bf3 Nf1 116. Kc2 Ne3+ 117. Kb2 Nf1 118. Bd1 Nd2 119. Bc2 Nf3 120. Bd1 Ne5 1/2-1/2


[Site "https://www.chess.com"]

[Event "Titled Tuesday Blitz February 14 Late 2023"]
[White "Gharibyan, Mamikon"]
[Black "Melikyan, Gnel"]
[WhiteFideId "13308300"]
[BlackFideId "54109990"]
[WhiteElo "2500"]
[BlackElo "2238"]
[Result "0-1"]
[Round "03"]
[TimeControl "180+2"]
[Date "2023.02.14"]
[WhiteClock "0:00:01"]
[BlackClock "0:00:12"]

1. e4 c5 2. Nf3 Nc6 3. Nc3 Nf6 4. g3 g6 5. d4 cxd4 6. Nxd4 Bg7 7. Nb3 O-O 8. Bg2 d6 9. O-O Be6 10. Nd5 Rc8 11. c3 Ne5 12. Nd4 Bg4 13. Qb3 b6 14. Bg5 Nxd5 15. exd5 Qd7 16. Rae1 f6 17. Bd2 Bh3 18. Ne6 Bxe6 19. dxe6 Qc7 20. a4 Qc4 21. Qxc4 Rxc4 22. b3 Rc7 23. c4 f5 24. Bd5 Nd3 25. Re3 Nc5 26. a5 Bh6 27. f4 Bg7 28. Kg2 Rb8 29. axb6 axb6 30. b4 Na4 31. Ra3 Nb2 32. Rc1 Rbc8 33. Be3 Nxc4 34. Rxc4 Rxc4 35. Bxc4 Rxc4 36. b5 Bd4 37. Ra8+ Kg7 38. Bxd4+ Rxd4 39. Rb8 Kf6 40. h4 Rd2+ 41. Kf3 Rd3+ 42. Kf2 Kxe6 43. Rxb6 h5 44. Rb8 Rb3 45. Rb7 Kf6 46. Rb6 Kf7 47. Rb7 Ke6 48. Rb6 Kd5 49. Rb8 Ke4 50. b6 Rb2+ 51. Kf1 e5 52. fxe5 dxe5 53. b7 Kf3 54. Ke1 e4 0-1


[Site "https://www.chess.com"]

[Event "Titled Tuesday Blitz February 14 Late 2023"]
[White "Kobo, Ori"]
[Black "Richter, Paul"]
[WhiteFideId "2812320"]
[BlackFideId "2046350"]
[WhiteElo "2559"]
[BlackElo "2171"]
[Result "1/2-1/2"]
[Round "03"]
[TimeControl "180+2"]
[Date "2023.02.14"]
[WhiteClock "0:00:12"]
[BlackClock "0:00:07"]

1. b3 Nf6 2. Bb2 g6 3. Nf3 Bg7 4. d4 O-O 5. e3 d6 6. c4 Nbd7 7. Be2 Re8 8. O-O h5 9. Nc3 e5 10. dxe5 dxe5 11. Ng5 Nf8 12. Bf3 c6 13. Nge4 Nxe4 14. Nxe4 Ne6 15. Ba3 Qa5 16. Qc1 Rd8 17. Be7 Re8 18. Nf6+ Bxf6 19. Bxf6 Nc5 20. e4 Kh7 21. Qg5 Nd7 22. Bxh5 Nxf6 23. Qxf6 Be6 24. Bf3 Rad8 25. h4 Qd2 26. h5 Qf4 27. hxg6+ fxg6 28. Qxf4 exf4 29. Rfd1 Kg7 30. e5 Bf5 31. Rd6 Rd7 32. Rxd7+ Bxd7 33. Re1 g5 34. b4 Bf5 35. b5 cxb5 36. cxb5 b6 37. Bc6 Re7 38. g3 fxg3 39. fxg3 Kf7 40. Bd5+ Kg6 41. Kf2 Rc7 42. Bc6 Kg7 43. a4 Kf7 44. Ke3 Ke7 45. Kd4 Rc8 46. Rf1 Rd8+ 47. Ke3 Ke6 48. Rh1 Kxe5 49. Rh6 Rd3+ 50. Kf2 Rd2+ 51. Ke3 Rd3+ 52. Kf2 Rd2+ 53. Ke1 Rd3 54. Kf2 1/2-1/2


[Site "https://www.chess.com"]